Map: Blueshift LE

Players

Shadowfall

  • Race: Protoss Protoss
  • League: Diamond
  • Spawn Location: 7:00

kemachi - Winner!

  • Race: Zerg Zerg
  • League: Diamond
  • Spawn Location: 1:00

VOD

Have the link to the VOD?

Description

Time

  • Played on: Aug. 25, 2018, 4:25 p.m.
  • Length: 15:13
Show
View Real Time Build Order
Export as new Build Order

Shadowfall Protoss 

Build Orders: 1 Gate Expand, Oracle Opening 

Get SALT Encoding   

  12  0:00  Probe  
  13  0:14  Probe  
  13  0:20  Pylon  
  14  0:26  Probe  
  15  0:39  Gateway  
  15  0:41  Probe  
  16  0:47  Assimilator  
  16  0:53  Probe  
  17  1:05  Probe  
  18  1:15  Probe  
  19  1:24  Probe  
  19  1:30  Nexus  
  20  1:39  Cybernetics Core  
  20  1:41  Probe  
  21  1:47  Assimilator  
  21  1:52  Pylon  
  21  1:57  Probe  
  22  2:09  Probe  
  22  2:15  Adept  
  25  2:21  Probe  
  26  2:26  Stargate  
  26  2:33  Probe  
  27  2:42  Adept  
  29  2:45  Probe, Warp Gate  
  29  2:48  Probe  
  31  2:57  Probe  
  32  3:00  Probe  
  32  3:04  Oracle  
  33  3:08  Gateway  
  33  3:09  Probe  
  33  3:11  Adept  
  36  3:12  Probe  
  40  3:21  Probe  
  41  3:28  Probe, Assimilator  
  41  3:34  Robotics Facility  
  42  3:35  Probe  
  43  3:45  Probe  
  44  3:53  Twilight Council  
  44  3:54  Probe  
  45  3:57  Probe  
  45  3:58  Assimilator  
  46  4:15  Probe  
  45  4:26  Probe  
  45  4:28  Charge  
  46  4:37  Pylon  
  46  4:43  Pylon  
  46  4:46  Immortal  
  46  4:55  Probe, Void Ray  
  51  5:02  Probe  
  54  5:08  Probe  
  54  5:10  Nexus  
  54  5:12  Pylon  
  55  5:16  Probe  
  55  5:18  Stalker x2  
  55  5:20  Probe, Immortal  
  61  5:23  Pylon  
  61  5:25  Pylon  
  61  5:26  Forge  
  65  5:41  Probe  
  66  5:47  Adept  
  66  5:48  Adept  
  70  5:50  Protoss Ground Weapons Level 1  
  68  6:02  Immortal  
  68  6:12  Probe x2  
  68  6:17  Robotics Facility  
  74  6:19  Sentry  
  74  6:20  Gateway  
  74  6:21  Probe  
  74  6:22  Gateway  
  74  6:25  Probe  
  77  6:27  Zealot  
  77  6:28  Probe  
  77  6:29  Probe  
  81  6:33  Probe  
  81  6:37  Probe  
  83  6:40  Probe  
  83  6:42  Probe  
  86  6:51  Templar Archives, Warp Prism  
  88  6:55  Zealot  
  88  6:56  Probe x2, Zealot  
  88  6:57  Probe  
  95  7:02  Pylon  
  99  7:08  Probe, Immortal  
  99  7:09  Probe  
  101  7:17  Assimilator  
  101  7:19  Assimilator  
  101  7:22  Pylon  
  101  7:24  Pylon  
  101  7:26  Probe x3  
  101  7:27  Psionic Storm, Pylon  
  101  7:28  Pylon  
  104  7:30  Gateway  
  104  7:33  Gateway  
  104  7:38  Probe x2  
  104  7:41  Observer  
  107  7:46  Immortal  
  107  7:49  Protoss Ground Weapons Level 2  
  107  7:51  Probe  
  107  7:52  High Templar x2  
  107  7:54  High Templar x2  
  120  8:18  Immortal  
  120  8:19  Observer  
  125  8:30  High Templar x2  
  129  8:38  Gateway  
  129  8:39  Gateway  
  129  8:41  Gateway  
  129  8:43  Gateway, Immortal  
  129  8:47  Zealot  
  129  8:48  Zealot x3  
  141  8:53  Pylon  
  141  8:55  Pylon  
  141  9:09  Pylon  
  141  9:10  Pylon  
  141  9:11  Immortal  
  141  9:12  High Templar x3  
  141  9:13  High Templar  
  141  9:14  Zealot x2  
  141  9:16  Archon  
  157  9:17  Archon  
  153  9:26  Immortal  
  157  9:42  Nexus  
  157  9:45  Pylon  
  147  9:48  Pylon  
  132  9:55  High Templar  
  132  9:56  High Templar x3  
  132  9:57  Zealot  
  113  10:30  Nexus  
  113  10:32  Archon  
  71  11:07  Archon x2  
  56  11:19  Probe  
  57  11:31  Probe  
  58  11:42  Nexus  
  58  11:46  Nexus  
  58  11:53  High Templar x2  
  62  11:57  Probe  
  62  11:59  Archon  
  63  12:09  Probe  
  64  12:21  Probe  
  65  12:40  Probe  
  66  12:52  Probe  
  66  12:58  Nexus  
  61  13:00  High Templar  
  35  13:45  Archon  
  21  14:20  Warp Prism  
  17  14:28  Zealot x2  
  23  14:41  Probe  
  23  14:44  Probe  
  24  14:54  High Templar  
  24  14:55  Zealot  
  28  15:00  Probe  
Show
View Real Time Build Order
Export as new Build Order

kemachi Zerg - Winner!

Build Orders: Hatch First 

Get SALT Encoding   

  12  0:00  Drone  
  13  0:13  Overlord  
  13  0:16  Drone  
  14  0:31  Drone x2  
  14  0:34  Drone  
  17  0:56  Drone  
  18  0:59  Drone  
  18  1:01  Hatchery  
  18  1:14  Spawning Pool  
  18  1:16  Extractor  
  18  1:18  Drone  
  17  1:21  Drone  
  18  1:30  Drone  
  19  1:39  Overlord  
  19  1:55  Hatchery  
  18  2:02  Queen  
  20  2:13  Zergling x4  
  22  2:19  Queen  
  24  2:24  Drone  
  24  2:27  Drone  
  26  2:31  Drone  
  26  2:34  Drone  
  28  2:38  Drone  
  28  2:41  Drone  
  30  2:45  Drone  
  31  2:53  Overlord  
  31  3:06  Queen  
  31  3:12  Roach Warren, Drone  
  33  3:13  Drone  
  33  3:15  Drone  
  33  3:18  Drone  
  36  3:26  Queen  
  38  3:29  Drone  
  38  3:31  Drone  
  38  3:34  Drone  
  41  3:36  Drone  
  41  3:39  Overlord  
  42  3:44  Overlord  
  42  3:52  Drone x3  
  42  3:55  Extractor  
  44  4:00  Overlord  
  42  4:20  Drone x11  
  42  4:21  Drone  
  49  4:42  Roach x2  
  49  4:43  Roach x5  
  63  4:53  Zergling x4  
  64  5:05  Lair  
  63  5:09  Drone x6  
  63  5:12  Zergling x6  
  63  5:13  Metabolic Boost  
  72  5:24  Overlord x2  
  72  5:25  Overlord x2  
  72  5:43  Drone x9  
  77  6:01  Roach x8  
  93  6:06  Overlord x2  
  93  6:07  Hydralisk Den  
  90  6:17  Extractor  
  90  6:18  Extractor, Drone x5  
  93  6:21  Overlord x2  
  93  6:22  Overlord  
  93  6:35  Drone x5  
  93  6:36  Glial Reconstitution, Drone  
  93  6:38  Grooved Spines  
  99  6:48  Drone x3  
  99  6:49  Drone x5  
  99  6:50  Extractor  
  99  6:51  Extractor  
  105  6:56  Hydralisk  
  105  6:57  Hydralisk  
  105  6:59  Evolution Chamber  
  105  7:00  Evolution Chamber  
  107  7:11  Hydralisk x4  
  115  7:20  Hydralisk  
  115  7:21  Hydralisk x3  
  123  7:25  Baneling Nest  
  123  7:26  Hatchery  
  121  7:30  Ravager x2  
  121  7:31  Ravager  
  121  7:32  Overlord x3  
  124  7:46  Zerg Missile Weapons Level 1  
  124  7:48  Zerg Ground Armor Level 1  
  124  7:50  Zergling x18  
  124  7:51  Zergling x4  
  135  8:01  Overseer  
  135  8:03  Pneumatized Carapace  
  135  8:07  Drone x7  
  142  8:27  Centrifical Hooks  
  142  8:29  Tunneling Claws  
  142  8:30  Burrow  
  142  8:35  Drone x7  
  149  8:49  Overlord x8  
  149  8:54  Drone, Infestation Pit  
  149  8:55  Drone x2  
  151  8:58  Extractor x2  
  149  9:08  Hatchery  
  148  9:11  Muscular Augments  
  148  9:16  Hydralisk  
  148  9:17  Hydralisk x9  
  148  9:20  Ravager x3  
  171  9:34  Drone  
  171  9:35  Drone x5  
  175  9:49  Hydralisk x2  
  113  10:58  Hatchery x2  
  49  11:12  Hatchery  
  49  11:15  Roach x6  
  39  11:21  Queen x2  
  40  11:33  Roach  
  40  11:34  Roach  
  44  11:42  Hydralisk x2  
  48  11:53  Ravager x6  
  54  11:59  Spawning Pool  
  53  12:02  Hydralisk  
  53  12:03  Hydralisk x3  
  61  12:13  Hydralisk  
  61  12:14  Hydralisk x6  
  52  12:38  Hydralisk x6  
  64  12:59  Hydralisk  
  64  13:00  Hydralisk x4  
  52  13:35  Hydralisk x3  
  44  13:49  Zergling x2  
  44  13:50  Zergling x4  
  40  13:57  Zergling x2  
  20  14:16  Zergling x6  
  20  14:24  Zergling x2  
  21  14:33  Drone x2  
  23  14:41  Drone  
  23  14:45  Drone  
  25  14:52  Drone  
  26  14:59  Drone  
Tags
 
Add a new tag
Caveats
  • Supply blocks, unpowered buildings, or Contaminate may cause inaccurate times.
  • Supply counts are checked every 10 seconds.